 Seeded DCSS version 0.25-a0-425-g0e000e8 (webtiles) character file.

Game seed: 4685463770755312842, levelgen mode: deterministic

8686 thesequoiad the Skirmisher (level 11, -8/68 HPs)
             Began as a Gargoyle Ice Elementalist on Jan 23, 2020.
             Was an Elder of Sif Muna.
             Hit by a large rock thrown by a cyclops (26 damage)
             ... on level 11 of the Dungeon on Jan 24, 2020.
             The game lasted 01:26:37 (15340 turns).

thesequoiad the Skirmisher (GrIE)                  Turns: 15340, Time: 01:26:37

Health: -8/68      AC: 15    Str: 12    XL:     11   Next: 34%
Magic:  21/21      EV: 14    Int: 19    God:    Sif Muna [****..]
Gold:   123        SH:  4    Dex: 10    Spells: 12/24 levels left

rFire    . . .     SeeInvis +   a - +2 whip (elec)
rCold    . . .     Gourm    .   j - +0 buckler
rNeg     + . .     Faith    .   F - +3 leather armour
rPois    ∞         Spirit   .   g - +0 helmet
rElec    +         Reflect  .   (no cloak)
rCorr    .         Harm     .   (no gloves)
MR       .....                  (no boots)
Stlth    ++........             (no amulet)
HPRegen  0.21/turn              x - ring of see invisible
MPRegen  0.17/turn              h - ring of wizardry

@: very slightly contaminated, hasted, very quick
A: negative energy resistance 1, electricity resistance, unbreathing,
petrification resistance, rot immunity, AC +8
a: Channel Magic, Forget Spell, Divine Exegesis, Renounce Religion


You were on level 11 of the Dungeon.
You worshipped Sif Muna.
Sif Muna was greatly pleased with you.
You were not hungry.

You visited 2 branches of the dungeon, and saw 12 of its levels.
You also visited: Ossuary.

You collected 438 gold pieces.
You spent 315 gold pieces at shops.

Inventory:

Hand Weapons
 a - a +2 whip of electrocution (weapon)
 b - a +0 hunting sling
 t - a +2 dagger of protection
 w - a +2 dagger of venom
 A - a +0 vorpal spear
 B - a +0 trident
 D - a +1 trident of flaming
 E - a cursed +3 mace
 H - a +2 flail of protection
 L - the +7 dagger of Queticec {freeze, -Tele rF+ rN+ Dex+4}
   (You bought it in a shop on level 4 of the Dungeon)

   It has been specially enchanted to freeze those struck by it, causing extra
   injury to most foes and up to half again as much damage against particularly
   susceptible opponents.
   It can also slow down cold-blooded creatures.
   It affects your dexterity (+4).
   It protects you from fire.
   It protects you from negative energy.
   It prevents most forms of teleportation.
Missiles
 i - 219 stones
 n - 57 sling bullets
 y - 21 poisoned darts (quivered)
Armour
 g - a +0 helmet (worn)
 j - a +0 buckler (worn)
 F - a +3 leather armour (worn)
Jewellery
 h - a ring of wizardry (right hand)
 x - a ring of see invisible (left hand)
 J - an uncursed ring of protection from fire
Wands
 C - a wand of iceblast (2)
 G - a wand of acid (4)
 M - a wand of paralysis (2)
Scrolls
 m - 5 scrolls of immolation
 r - 4 scrolls of remove curse
 s - 5 scrolls of amnesia
 u - 6 scrolls of teleportation
 N - a scroll of silence {unknown}
Potions
 d - 3 potions of mutation
 e - 4 potions of cancellation
 f - 2 potions of magic
 k - a potion of invisibility
 l - 2 potions of haste
 o - 3 potions of might
 p - 5 potions of curing
 q - 4 potions of flight
 z - a potion of lignification {unknown}
Miscellaneous
 I - a phantom mirror
Comestibles
 c - 9 rations
 K - 2 chunks of flesh


   Skills:
 + Level 7.9 Fighting
 * Level 1.5 Maces & Flails
 + Level 6.4 Dodging
 - Level 2.1 Stealth
 - Level 4.0 Shields
 + Level 7.0 Spellcasting
 - Level 7.1 Conjurations
 - Level 2.0 Charms
 - Level 4.0 Summonings
 - Level 7.1 Ice Magic
 + Level 4.2 Invocations


You had 12 spell levels left.
You knew the following spells:

 Your Spells              Type           Power        Failure   Level  Hunger
a - Freeze                Ice            ####         1%          1    None
b - Hailstorm             Conj/Ice       ####....     2%          4    ###....
c - Summon Ice Beast      Ice/Summ       ####....     5%          4    ###....
d - Ozocubu's Armour      Chrm/Ice       ###.....     2%          3    #......

Your spell library contained the following spells:

 Spells                   Type           Power        Failure   Level  Hunger


Dungeon Overview and Level Annotations

Branches:
Dungeon (11/15)            Temple (1/1) D:5            Lair (0/6) D:9
    Orc (0/2) D:9         Ossuary (visited)

Altars:
Ashenzari
Cheibriados
Dithmenos
Elyvilon
Fedhas
Gozag
Hepliaklqana
Kikubaaqudgha
Makhleb
Nemelex Xobeh
Okawaru
Qazlal
Ru
Sif Muna
Trog
Uskayaw
Vehumet
Wu Jian
Xom
Yredelemnul
Zin
The Shining One

Shops:
D:4 ([}!   D:5 *   D:6 !   D:9 (


Innate Abilities, Weirdness & Mutations

You are resistant to torment.
Your stone body is resilient. (AC +8)
You are immune to poison.
You resist negative energy. (rN+)
You are resistant to electric shocks. (rElec)
You can survive without breathing.
You are immune to petrification.
You are immune to rotting.


Message History

Evoke which item? (* to show all) (? for menu, Esc to quit)
Aiming: Corrosive Bolt
Press: ? - help, Shift-Dir - straight line The bolt of acid misses the cyan ugly thing.
Evoke which item? (* to show all) (? for menu, Esc to quit)
Aiming: Iceblast
Press: ? - help, Shift-Dir - straight line The mass of ice explodes!
The iceblast engulfs the cyan ugly thing.
The cyan ugly thing is moderately wounded.
A hound skeleton comes into view.
You feel yourself speed up.
A cyclops comes into view.
The cyclops shouts!
A wight comes into view. It is wielding a +5 mace.
The cyclops throws a large rock.
The large rock hits you.
* * * LOW HITPOINT WARNING * * *
You see here a large rock.
The cyclops throws a large rock.
The large rock hits you!!
You die...

##.# #.......#......# #..#
#.......#......# #..#
+.......#......# #..#
#..######......# #..#
#..#...........# #..#
#..#.......>...#
#..#####..#...........# ######
#.........#............ ##....#
#.....@...#............
......#####.........#'###########
..............(...............
...................###........
...###########.....# #.#####+#
...# #.....# #.#.......# ...#
#.....#.#.#.......# ...#
#.C...#.###.......# ...# ..
#.....#...........#.


You could see a cyclops.

Vanquished Creatures
  A two-headed ogre (D:8)
  An ugly thing (D:10)
  A manticore (D:11)
  Joseph (D:8)
  A komodo dragon (D:9)
  2 hippogriffs
  Eustachio (D:4)
  8 yaks
  A steam dragon (D:10)
  A hungry ghost (D:8)
  A water moccasin (D:6)
  4 orc warriors
  2 sky beasts
  2 ice beasts
  3 black bears
  3 phantoms
  2 ogres
  3 centaurs
  A big kobold (D:7)
  3 bullfrogs
  A gnoll sergeant (D:6)
  3 scorpions
  7 wights
  3 howler monkeys (D:7)
  5 crimson imps
  A bullfrog zombie (D:7)
  4 jellies
  6 orc priests
  3 hounds
  9 orc wizards
  A bullfrog skeleton (D:6)
  2 iguanas
  3 mummies
  5 worker ants
  2 hound skeletons
  2 worker ant zombies
  Robin (D:3)
  6 gnolls
  12 adders
  2 shadow imps
  An adder skeleton (D:9)
  A worm (D:2)
  A dart slug (D:1)
  8 leopard geckos
  41 orcs
  2 ball pythons (D:3)
  4 bats
  A giant cockroach (D:3)
  12 goblins
  10 hobgoblins
  9 jackals
  3 quokkas
  5 frilled lizards
  22 kobolds
  8 rats
248 creatures vanquished.

Vanquished Creatures (collateral kills)
  Maggie (D:10)
  3 yaks
  A hungry ghost (D:11)
  An orc warrior (D:9)
  A black bear (D:10)
  A big kobold (D:10)
  A howler monkey (D:10)
  A bullfrog zombie (D:10)
  A hound (D:10)
  2 orc wizards (D:9)
  2 orcs (D:9)
  2 kobolds (D:10)
17 creatures vanquished.

Vanquished Creatures (others)
  An orc (D:8)
  A plant (D:9)
  3 withered plants (Ossuary)
5 creatures vanquished.

Grand Total: 270 creatures vanquished

Notes
Turn   | Place    | Note
-------+----------+-------------------------------------------
     0 | D:1      | thesequoiad the Gargoyle Ice Elementalist began the quest
                  | for the Orb.
     0 | D:1      | Reached XP level 1. HP: 10/10 MP: 3/3
   337 | D:1      | Reached XP level 2. HP: 16/16 MP: 1/5
   569 | D:1      | Reached skill level 1 in Fighting
  1100 | D:1      | Reached XP level 3. HP: 16/20 MP: 4/6
  1357 | D:2      | Found a shadowy altar of Dithmenos.
  2539 | D:3      | Reached XP level 4. HP: 26/26 MP: 7/7
  2626 | D:3      | Found a faded altar of an unknown god.
  2736 | D:3      | Noticed Robin
  2749 | D:3      | Killed Robin
  3013 | D:3      | Reached XP level 5. HP: 14/30 MP: 5/9
  3484 | D:2      | Found a sparkling altar of Nemelex Xobeh.
  3572 | D:3      | Noticed an ogre
  3602 | D:3      | Killed an ogre
  3602 | D:3      | Reached XP level 6. HP: 25/36 MP: 10/10
  3729 | D:3      | Reached skill level 5 in Ice Magic
  3889 | D:4      | Found Irugub's Antique Armour Shoppe.
  3965 | D:4      | Found Lanotaa's Gadget Emporium.
  4100 | D:4      | Found Biyrphep's Distillery.
  4108 | D:4      | Found a sand-covered staircase.
  4151 | Ossuary  | Entered an ossuary
  4326 | Ossuary  | Learned a level 4 spell: Hailstorm
  4592 | D:3      | Reached XP level 7. HP: 34/41 MP: 4/12
  4776 | D:4      | Noticed Eustachio
  4937 | D:4      | Killed Eustachio
  5041 | D:4      | Bought a potion of heal wounds for 70 gold pieces
  5041 | D:4      | Bought a potion of curing for 42 gold pieces
  5118 | D:4      | Found Entukk's Antique Weapon Shoppe.
  5362 | D:5      | Entered Level 5 of the Dungeon
  5771 | D:5      | Found a staircase to the Ecumenical Temple.
  5783 | Temple   | Entered the Ecumenical Temple
  5961 | Temple   | Became a worshipper of Sif Muna the Loreminder
  6116 | D:5      | Reached XP level 8. HP: 46/48 MP: 11/14
  6795 | D:5      | Found Zag Anuu's General Store.
  7623 | D:6      | Found Huteqe's Distillery.
  7759 | D:6      | Reached skill level 5 in Fighting
  7915 | D:6      | Reached skill level 5 in Conjurations
  8080 | D:6      | Reached XP level 9. HP: 18/54 MP: 12/16
  8623 | D:6      | Found a snail-covered altar of Cheibriados.
  8728 | D:7      | Reached * piety under Sif Muna
  8740 | D:7      | Reached skill level 5 in Spellcasting
  9779 | D:7      | Reached ** piety under Sif Muna
  9992 | D:8      | Reached skill level 5 in Dodging
 10232 | D:4      | Bought a dazzling dagger for 203 gold pieces
 10232 | D:4      | Identified the +7 dagger of Queticec {freeze, -Tele rF+ rN+
                  | Dex+4} (You bought it in a shop on level 4 of the Dungeon)
 10372 | D:8      | Noticed Joseph
 10386 | D:8      | Killed Joseph
 10392 | D:8      | Learned a level 4 spell: Summon Ice Beast
 10443 | D:8      | Noticed a two-headed ogre
 10877 | D:8      | Found a shimmering altar of Xom.
 10890 | D:8      | Killed a two-headed ogre
 10890 | D:8      | Reached XP level 10. HP: 61/61 MP: 10/19
 11627 | D:9      | Found Qiydaek's Weapon Emporium.
 11633 | D:9      | Found a sparkling altar of Nemelex Xobeh.
 11800 | D:9      | Found a staircase to the Orcish Mines.
 12091 | D:9      | Reached *** piety under Sif Muna
 12590 | D:9      | Found a staircase to the Lair.
 13043 | D:9      | Got a translucent arbalest
 13044 | D:9      | Identified the cursed +1 arbalest "Killer Klown's Doom"
                  | {elec, +Fly rPois Str+3 Int+4} (You found it on level 9 of
                  | the Dungeon)
 13080 | D:9      | Learned a level 3 spell: Ozocubu's Armour
 13081 | D:10     | Entered Level 10 of the Dungeon
 13105 | D:9      | Reached skill level 1 in Invocations
 13241 | D:10     | Noticed a red ugly thing
 13263 | D:10     | Killed a white ugly thing
 13263 | D:10     | Reached skill level 1 in Charms
 13630 | D:9      | Reached skill level 1 in Shields
 13998 | D:10     | Reached XP level 11. HP: 57/67 MP: 21/21
 14220 | D:10     | Noticed Maggie
 14237 | D:10     | Killed Maggie
 14479 | D:10     | Reached **** piety under Sif Muna
 14871 | D:11     | Noticed a manticore
 14890 | D:11     | Killed a manticore
 14890 | D:11     | Reached skill level 1 in Maces & Flails
 15288 | D:11     | Noticed a cyan ugly thing
 15337 | D:11     | Noticed a cyclops
 15340 | D:11     | Hit by a large rock thrown by a cyclops

Levels and vault maps discovered:
D:1:      scummos_arrival_simple_crosswalls, layout_loops_corners,
          minmay_misc_feat_pillars
D:2:      layout_loops_ring, nicolae_overflow_hidden_temple
D:3:      layout_basic, first_ration, chequers_ecumenical_altar_simple,
          uniq_robin
D:4:      layout_rooms, enter_ossuary_2, serial_shops, nicolae_shop_stone,
          nicolae_shop_competitors_out_of_business,
          nicolae_shop_competitors_out_of_business, shop, nrook_loot_triangle,
          uniq_eustachio
D:5:      layout_layer_cave, minmay_temple_entry_butterflies, serial_shops, shop
D:6:      layout_cave_pods, lemuel_doored_altar, serial_shops, shop_statue
D:7:      layout_basic
D:8:      layout_basic, old_standard_altar, uniq_joseph
D:9:      layout_long_grid, david_lair_shrubbed, david_orc_3, serial_shops,
          nicolae_shop_statue_plus, basic_altar
D:10:     layout_gridville, uniq_maggie
D:11:     layout_irregular_city, hangedman_ranch [blue_anna_fruit_fields]
Temple:   compressed_dpeg_circular_temple

Skill      XL: |  1  2  3  4  5  6  7  8  9 10 11 |
---------------+----------------------------------+-----
Fighting       | 1 2 3 4 5 6 7 |  7.9
Dodging        | 2 3 4 5 6 |  6.4
Spellcasting   | 3 4 6 7 |  7.0
Ice Magic      | 5 6 7 |  7.1
Conjurations   | 3 5 7 |  7.1
Summonings     | 2 4 |  4.0
Invocations    | 2 4 |  4.2
Charms         | 1 2 |  2.0
Shields        | 2 4 |  4.0
Maces & Flails | 1 |  1.5
Stealth        | |  2.1

Action                   |  1- 3 |  4- 6 |  7- 9 | 10-12 || total
-------------------------+-------+-------+-------+-------++-------
Melee: Short sword       |    16 |       |       |       ||    16
       Dagger            |    48 |   160 |   360 |   272 ||   840
       Trident           |       |       |       |    10 ||    10
       Whip              |       |       |       |    55 ||    55
 Fire: Hunting sling     |       |    18 |    65 |       ||    83
Throw: Stone             |     4 |     4 |       |       ||     8
       Dart              |       |     4 |     8 |     1 ||    13
 Cast: Freeze            |    34 |    36 |    62 |    21 ||   153
       Hailstorm         |       |       |    12 |    26 ||    38
       Summon Ice Beast  |       |       |       |    20 ||    20
       Ozocubu's Armour  |       |       |       |     6 ||     6
Evoke: Wand              |       |       |     7 |    10 ||    17
  Use: Scroll            |       |    11 |     8 |     3 ||    22
       Potion            |       |       |     2 |     2 ||     4
 Stab: Sleeping          |     4 |     1 |     6 |     1 ||    12
       Distracted        |       |       |       |     1 ||     1
  Eat: Chunk             |     5 |     6 |    20 |    15 ||    46
       Ration            |       |       |     2 |     2 ||     4
Armor: Robe              |    17 |       |       |       ||    17
       Leather armour    |     5 |    64 |   231 |   164 ||   464
       Skin              |       |       |     3 |       ||     3
Dodge: Dodged            |    38 |   129 |   357 |   259 ||   783
Block: Buckler           |       |       |       |    39 ||    39

Table legend:
 A = Non-vault XP
 B = Vault XP
 C = Vault XP percentage of total XP
 D = Non-vault monster count
 E = Vault monster count
 F = Vault count percentage of total count
                 A         B        C        D         E       F
            +---------+---------+-------+---------+---------+-------
      Total |   10871 |    1538 |  12.4 |     245 |      21 |   7.9
            +---------+---------+-------+---------+---------+-------
        D:1 |      38 |       0 |   0.0 |      25 |       0 |   0.0
        D:2 |      43 |       0 |   0.0 |      16 |       0 |   0.0
        D:3 |     234 |      85 |  26.6 |      30 |       9 |  23.1
        D:4 |     316 |     214 |  40.4 |      16 |       1 |   5.9
        D:5 |     630 |       0 |   0.0 |      20 |       0 |   0.0
        D:6 |     855 |       0 |   0.0 |      16 |       0 |   0.0
        D:7 |    1212 |       0 |   0.0 |      31 |       0 |   0.0
        D:8 |    1706 |     423 |  19.9 |      26 |       1 |   3.7
        D:9 |    1501 |     523 |  25.8 |      26 |       8 |  23.5
       D:10 |    3307 |     254 |   7.1 |      31 |       1 |   3.1
       D:11 |    1029 |       0 |   0.0 |       8 |       0 |   0.0
    Ossuary |       0 |      39 | 100.0 |       0 |       1 | 100.0
            +---------+---------+-------+---------+---------+-------
